Unix xNetHack Version 8.0.0 - last build Jan 14 2024 16:46:22 (be4d3c81716514284228e1a23197c27ddb32b841). Game began 2024-03-13 21:24:56, ended 2024-03-14 09:18:05. Okoto, chaotic female elven Wizard ------ --------------- |....| ------- |.............| #.....| ------- |......# |.............| #|....| |.....| |.....|## |..............# #|....| |.....| |.....| ### |.............|# ##|....| |.....| |.....| # -.-------------# ### -.---- |.....| -----.- # ### # # # |......### ## # # # # ## |<....| ## # # # # # # ------- # #### # ################################ # # # ##### ---------.-- #--------## # # ---------.---- # ## |..........| #.:..>..|## # ######-............|### #####-.~..^......######|......| --.-- |.............## |..........| #|..{...| |.f.| |............| ...........| #........ h*..| -------------- ------------ -------- |...| ----- Okoto the Conjurer St:5 Dx:11 Co:12 In:19 Wi:11 Ch:12 Chaotic S:297 Dlvl:2 $:45 HP:0(24) Pw:25(25) AC:9 Xp:3/48 T:1500 Burdened Latest messages: Are you sure you want to pray? [yn] (n) y You begin praying to Anhur. You are surrounded by a shimmering light. You finish your prayer. You feel that Anhur is well-pleased. This food really hits the spot! You can hear again. You stop eating the food ration. You feel hungry. You resume your meal. You no longer feel hungry. You finish eating the food ration. The kitten picks up a gold piece. The kitten drops a gold piece. You see here a gold piece. You have a little trouble lifting $ - a gold piece {0} (36 in total). You see here 9 gold pieces. You have a little trouble lifting $ - 9 gold pieces {0} (45 in total). You hit the yellow mold. You stagger... You miss the kitten. You feel a bit steadier now. You strike the yellow mold. You stagger... The kitten misses the yellow mold. The kitten staggers... The kitten misses the yellow mold. The kitten bites the yellow mold. The yellow mold is killed! You feel a bit steadier now. You see here a yellow mold corpse. The kitten bites! You miss the hobbit. The hobbit shoots a gray stone! You are hit by a gray stone. The kitten bites! You pound the hobbit. The hobbit shoots a gray stone! You are hit by a gray stone! The kitten just misses! The kitten picks up a yellow mold corpse. The kitten bites! The hobbit shoots a gray stone! You are hit by a gray stone! You die... Do you want your possessions identified? [ynq] (y) n Do you want to see your attributes? [ynq] (y) n Do you want an account of creatures vanquished? [ynaq] (y) n Do you want to see your conduct and achievements? [ynq] (y) n Do you want to see the dungeon overview? [ynq] (y) n Inventory: Inventory: 566/475 weight (26/52 slots) Coins $ - 45 gold pieces {1} Weapons x - a +0 orcish dagger {10} a - a blessed +1 quarterstaff (weapon in hands) {40} Armor y - an uncursed +0 orcish helm {30} r - a cursed +0 pair of jumping boots {20} b - a blessed +0 cloak of magic resistance (being worn) {8} Comestibles q - an uncursed food ration {20} p - an uncursed lichen corpse {20} Scrolls h - an uncursed scroll of genocide {5} w - an uncursed scroll of magic mapping {5} Spellbooks f - an uncursed spellbook of detect monsters {45} c - a blessed spellbook of force bolt {35} e - an uncursed spellbook of healing {35} d - a blessed spellbook of magic missile {40} i - an uncursed spellbook of polymorph {60} Potions s - an uncursed potion of booze {20} u - an uncursed potion of oil {20} j - a blessed potion of paralysis {20} k - 2 uncursed potions of restore ability {40} t - an uncursed potion of sickness {20} A - an uncursed potion of sleeping {20} Rings l - an uncursed ring of invisibility (on right hand) {3} v - an uncursed ring of polymorph control (on left hand) {3} Tools z - an empty uncursed sack {15} g - an uncursed bell {30} Gems/Stones n - an uncursed amethyst stone {1} m - an uncursed worthless piece of blue glass {1} Okoto the Wizard's attributes: Background: You were a Conjurer, a level 3 female elven Wizard. You were chaotic, on a mission for Anhur who was opposed by Ptah (lawful) and Thoth (neutral). You were heterosexual. You were in the Dungeons of Doom, on level 2. You entered the dungeon 1500 turns ago. You had 48 experience points, 32 more were needed to attain level 4. Your score was 297 before end-of-game adjustments. Basics: You had 0 out of 24 hit points. You had all 25 energy points (spell power). Your armor class was 9. Your wallet contained 45 zorkmids. Autopickup was off. Final Characteristics: Your strength was 5 (peak:9, limit:18). Your dexterity was 11 (limit:18). Your constitution was 12 (limit:16). Your intelligence was 19 (limit:20). Your wisdom was 11 (limit:20). Your charisma was 12 (limit:18). Final Status: You were not hungry. You were burdened; movement was slightly slowed. You were wielding a quarterstaff. You had basic skill with quarterstaff. Final Attributes: You were devoutly aligned. You were magic-protected. You had infravision. You were invisible. You were warded. You had polymorph control. You are dead. Miscellaneous: You never encountered a bones level. Total elapsed playing time was 33 minutes and 37 seconds. Major events: Turn 1: Okoto the chaotic female elven Wizard entered the dungeon 910: attained the rank of Conjurer (level 3) 1500: killed by a flint stone Vanquished creatures: 2 acid blobs 3 giant rats 2 yellow molds a gecko 5 jackals 2 kobolds 4 goblins a sewer rat 2 grid bugs 3 bats 3 lichens a kobold zombie 3 newts 32 creatures vanquished. No species were genocided or became extinct. Voluntary challenges: You read items or engraved 1 time. You never genocided any monsters. You never polymorphed an object. You never changed form. You never touched an artifact. You used no wishes. You never scared an enemy with impunity. You were celibate. You never generated conflict. Achievement: You attained the rank of Conjurer. Dungeon overview: The Dungeons of Doom: levels 1 to 2 Level 1: A fountain. Level 2: <- You were here. A fountain. Final resting place for you, killed by a flint stone. Game over: __________ / \ / REST \ / IN \ / PEACE \ / \ | Okoto | | 45 Au | | killed by a | | flint stone | | | | | | 2024 | *| * * * | * _________)/\\_//(\/(/\)/\//\/|_)_______ Goodbye Okoto the Wizard... You died in The Dungeons of Doom on dungeon level 2 with 293 points, and 45 pieces of gold, after 1500 moves. You were level 3 with a maximum of 24 hit points when you died.